 Dungeon Crawl Stone Soup version 0.27-a0-637-g3a9f0a9c12 (webtiles) character file.

Game seed: 4015022911482871675

169 Allula97 the Skirmisher (level 5, -5/42 HPs)
             Began as a Demonspawn Abyssal Knight on Mar 14, 2021.
             Was a Believer of Lugonu.
             Slain by Grinder (8 damage)
             ... on level 3 of the Dungeon.
             The game lasted 00:08:35 (2908 turns).

Allula97 the Skirmisher (Demonspawn Abyssal Knight) Turns: 2908, Time: 00:08:35

Health: -5/42      AC:  3    Str: 13    XL:     5   Next: 25%
Magic:  6/6        EV: 16    Int: 13    God:    Lugonu [**....]
Gold:   112        SH:  4    Dex: 13    Spells: 4/4 levels left

rFire    + . .     SeeInvis .   a - +1 short sword
rCold    . . .     Faith    .   (no shield)
rNeg     . . .     Spirit   .   b - +0 leather armour
rPois    .         Reflect  .   (no helmet)
rElec    .         Harm     .   (no cloak)
rCorr    .         Rampage  .   (no gloves)
Will     .....                  (no boots)
Stlth    ++........             (no amulet)
HPRegen  0.14/turn              k - ring of protection from fire
MPRegen  0.10/turn              n - +4 ring of evasion

@: brilliant, hasted, very quick
A: foul stench 1, sturdy frame 1, condensation shield
a: Renounce Religion, Depart the Abyss, Bend Space


You were on level 3 of the Dungeon.
You worshipped Lugonu.
Lugonu was pleased with you.
You visited 1 branch of the dungeon, and saw 4 of its levels.
You visited the Abyss 1 time.

You collected 112 gold pieces.

Inventory:

Hand Weapons
 a - a +1 short sword (weapon)
Armour
 b - a +0 leather armour (worn)
Magical Staves
 g - a staff of earth
Jewellery
 k - a ring of protection from fire (right hand)
 n - a +4 ring of evasion (left hand)
Wands
 c - a wand of charming (8)
Scrolls
 d - a scroll of teleportation {unknown}
 e - 2 scrolls of magic mapping {unknown}
 f - a scroll of summoning {unknown}
 p - a scroll of amnesia {unknown}


   Skills:
 * Level 3.8 Fighting
 * Level 3.0 Short Blades
 * Level 2.6 Armour
 * Level 2.0 Dodging
 * Level 1.3 Stealth
 + Level 2.5 Invocations


You had 4 spell levels left.
You didn't know any spells.
Your spell library was empty.

Dungeon Overview and Level Annotations

Branches:
Dungeon (4/15)
 Temple: D:4-7

Altars:
Hepliaklqana
Makhleb
Trog

Annotations:
D:3 Grinder


Innate Abilities, Weirdness & Mutations

You may rarely emit foul miasma when damaged in melee.
Your movements are slightly less encumbered by armour. (ER -2)
A meltable shield of frost defends you. (SH +4)


Message History

You closely miss Grinder.
Grinder is almost dead.
Grinder hits you but does no damage.
You hit Grinder but do no damage.
Grinder is almost dead.
Grinder blinks!
Grinder gestures at you.
You suddenly lose the ability to move!
Grinder blinks!
You feel less wooden.
Your +0 leather armour unmelds from your body.
You can move again.
Okay, then.
Grinder gestures at you. You resist with significant effort.
Things that are here:
a +0 hand axe; a bat corpse You see here a rat corpse.
You feel yourself speed up.
You hit Grinder.
Grinder is almost dead.
You barely miss Grinder.
Grinder is almost dead.
Grinder hits you!
* * * LOW HITPOINT WARNING * * *
You writhe in agony.
* * * LOW HITPOINT WARNING * * *
You closely miss Grinder.
Grinder is almost dead.
Grinder blinks!
You hit Grinder.
Grinder is almost dead.
Grinder says, "There's only one good use for a tongue: cutting it out."
Grinder misses you.
You closely miss Grinder.
Grinder is almost dead.
You closely miss Grinder.
Grinder is almost dead.
Grinder hits you!
You die...

#..#....'...#.# #.
#....#####.# #.
#...<#####.#######.# #
#...................
#....5...#.#######.#
#.######<#........
#......#†.)†######'# ##
#...††..........####
#.5@....#....g...<..
#.......#...........
#...)............b..
$......#.....#.........
#######...#.....#.........
................#.........
#..$.......#.####$........
#..........#.# #...######
#..........#.#


You could see Grinder.

Vanquished Creatures
  An ogre (D:2)
  A hound (D:2)
  An adder (D:2)
  2 worms (D:3)
  2 dart slugs
  7 bats
  2 giant cockroaches
  A hobgoblin (D:2)
  8 jackals
  A quokka (D:3)
  2 frilled lizards (D:2)
  4 goblins
  A kobold (D:2)
  5 rats
38 creatures vanquished.

Notes
Turn   | Place    | Note
-------+----------+-------------------------------------------
     0 | Abyss:1  | Allula97 the Demonspawn Abyssal Knight began the quest for
                  | the Orb.
     0 | Abyss:1  | Reached XP level 1. HP: 18/18 MP: 2/2
    46 | Abyss:1  | Noticed a large abomination
    88 | Abyss:1  | Noticed a small abomination
   139 | Abyss:1  | Noticed a flying skull
   178 | Abyss:2  | Noticed a smoke demon
   190 | Abyss:2  | Found a sparkling altar of Nemelex Xobeh.
   195 | Abyss:2  | Found a corrupted altar of Lugonu.
   211 | Abyss:3  | Found a corrupted altar of Lugonu.
   211 | Abyss:3  | Noticed a smoke demon
   215 | Abyss:3  | Noticed a large abomination
   221 | D:1      | Escaped the Abyss
   490 | D:1      | You fall into a shaft and drop 1 floor!
   497 | D:2      | Reached skill level 1 in Dodging
   545 | D:2      | Gained mutation: You may rarely emit foul miasma when
                  | damaged in melee. [demonic ancestry]
   545 | D:2      | Reached XP level 2. HP: 10/24 MP: 3/3
  1100 | D:2      | Reached XP level 3. HP: 12/29 MP: 4/4
  1463 | D:2      | Found a hazy altar of Hepliaklqana.
  2121 | D:3      | Noticed Grinder
  2172 | D:3      | Noticed an ogre
  2322 | D:4      | Found a bloodstained altar of Trog.
  2424 | D:3      | Gained mutation: Your movements are slightly less
                  | encumbered by armour. (ER -2) [demonic ancestry]
  2424 | D:3      | Reached XP level 4. HP: 29/36 MP: 5/5
  2467 | D:2      | Killed an ogre
  2467 | D:2      | Reached ** piety under Lugonu
  2468 | D:2      | Reached skill level 1 in Stealth
  2468 | D:2      | Gained mutation: A meltable shield of frost defends you.
                  | (SH +4) [demonic ancestry]
  2468 | D:2      | Reached XP level 5. HP: 3/42 MP: 6/6
  2756 | D:2      | Found a burning altar of Makhleb.
  2814 | D:3      | Paralysed by Grinder for 5 turns
  2836 | D:3      | Paralysed by Grinder for 5 turns
  2860 | D:3      | Paralysed by Grinder for 4 turns
  2890 | D:3      | Paralysed by Grinder for 7 turns
  2908 | D:3      | Slain by Grinder

Illustrated notes

Levels and vault maps discovered:
D:1:      onia_arrival_pyramid, layout_basic
D:2:      lemuel_upstairs_altar, layout_loops_corners,
          nzn_hepliaklqana_mist_gate
D:3:      layout_basic, fedhas_altar_fruit_tree, gammafunk_temple_overflow_claw,
          uniq_grinder
D:4:      layout_loops_cross, lightli_temple_of_fire, overflow_temple_1_default,
          minmay_parallelograms, uniq_edmund

Skill      XL: |  1  2  3  4  5 |
---------------+----------------+-----
Dodging        | 1 2 |  2.0
Short Blades   | 2 3 |  3.0
Armour         | 2 |  2.6
Stealth        | 1 |  1.3
Fighting       | |  3.8
Invocations    | |  2.5

Action                   |  1- 3 |  4- 6 || total
-------------------------+-------+-------++-------
Melee: Short sword       |   106 |    85 ||   191
Evoke: Wand              |       |     1 ||     1
  Use: Potion            |       |    10 ||    10
Armor: Leather armour    |    40 |    11 ||    51
       Skin              |       |    43 ||    43
Dodge: Dodged            |    71 |    50 ||   121
Block: Other             |       |    17 ||    17

Table legend: (Time is in decaauts)
 A = Elapsed time spent in this place.
 B = Non-inter-level travel time spent in this place.
 C = Inter-level travel time spent in this place.
 D = Time resting spent in this place.
 E = Time spent auto-exploring this place.
 F = Levels seen in this place.
 G = Mean time per level.
                   A        B        C        D        E       F      G
               +--------+--------+--------+--------+--------+-----+--------+
         Total |   2876 |   2792 |     84 |    521 |   1527 |   7 |  410.9 |
       Dungeon |   2655 |   2571 |     84 |    521 |   1527 |   4 |  663.8 |
         Abyss |    221 |    221 |      0 |      0 |      0 |   3 |   73.7 |
               +--------+--------+--------+--------+--------+-----+--------+

Top non-repeatable levels by time:
     D:2: 1990 daAuts
     D:3: 270 daAuts
     D:1: 268 daAuts
 Abyss:1: 140 daAuts
     D:4: 126 daAuts
 Abyss:2: 70 daAuts
 Abyss:3: 9 daAuts
